ITL
HAVANA ROLLERS @ AMARILLO ARCHDUKES
08/18/2030
 
TOP OF THE 1ST
Havana Rollers batting - Pitching for Amarillo Archdukes : RHP José Abacil
Pitching: RHP José Abacil
Batting: LHB Marvin Nichols 0-0: Called Strike
0-1: Swinging Strike
0-2: Ball
1-2: Strikes out swinging
Batting: LHB Mario Olivares 0-0: Ball
1-0: Called Strike
1-1: Fly out, F8 (Flyball, 8RS)
Batting: RHB Brant Sherman 0-0: Ball
1-0: Called Strike
1-1: Swinging Strike
1-2: Ball
2-2: Foul Ball, location: 2F
2-2: Foul Ball, location: 2F
2-2: Foul Ball, location: 2F
2-2: Strikes out swinging
Top of the 1st over - 0 runs, 0 hits, 0 errors, 0 left on base; Havana 0 - Amarillo 0
BOTTOM OF THE 1ST
Amarillo Archdukes batting - Pitching for Havana Rollers : RHP Josh Young
Pitching: RHP Josh Young
Batting: RHB Xie-li Fong 0-0: Foul Ball, location: 2F
0-1: Ball
1-1: Ball
2-1: Foul Ball, location: 2F
2-2: Foul Ball, location: 2F
2-2: SINGLE (Flyball, 78S) - OUT at second base trying to stretch hit.
Batting: RHB Fernando Castellanos 0-0: Ball
1-0: Fly out, F7 (Flyball, 7LDF)
Batting: RHB David Alonso 0-0: Ball
1-0: Fly out, F8 (Flyball, 8RM)
Bottom of the 1st over - 0 runs, 1 hit, 0 errors, 0 left on base; Havana 0 - Amarillo 0
TOP OF THE 2ND
Havana Rollers batting - Pitching for Amarillo Archdukes : RHP José Abacil
Batting: RHB Bill Little 0-0: Ball
1-0: Called Strike
1-1: Ball
2-1: Ball
3-1: Called Strike
3-2: Foul Ball, location: 2F
3-2: Base on Balls
Batting: RHB Luis Aguilar 0-0: DOUBLE (Flyball, 9D)
Bill Little to third
Runner from 3rd tries for Home, SAFE, throw made at trailing runner, OUT at third!
Batting: RHB Brian Jackson 0-0: Ball
1-0: Ground out 4-3 (Groundball, 4D)
Batting: RHB Chad Case 0-0: Foul Ball, location: 2F
0-1: Swinging Strike
0-2: Ball
1-2: Foul Ball, location: 2F
1-2: Ball
2-2: Foul Ball, location: 2F
2-2: Ball
3-2: Foul Ball, location: 2F
3-2: Strikes out swinging
Top of the 2nd over - 1 run, 1 hit, 0 errors, 0 left on base; Havana 1 - Amarillo 0
BOTTOM OF THE 2ND
Amarillo Archdukes batting - Pitching for Havana Rollers : RHP Josh Young
Batting: LHB John Frost 0-0: Called Strike
0-1: Called Strike
0-2: Foul Ball, location: 2F
0-2: Ball
1-2: Foul Ball, location: 2F
1-2: Strikes out swinging
Batting: LHB António Chávez 0-0: Foul Ball, location: 2F
0-1: Swinging Strike
0-2: Ball
1-2: Strikes out swinging
Batting: LHB José Martínez 0-0: Called Strike
0-1: Swinging Strike
0-2: Fly out, F8 (Flyball, 8RM)
Bottom of the 2nd over - 0 runs, 0 hits, 0 errors, 0 left on base; Havana 1 - Amarillo 0
TOP OF THE 3RD
Havana Rollers batting - Pitching for Amarillo Archdukes : RHP José Abacil
Batting: RHB Mitsuharu Matsumoto 0-0: Ball
1-0: Fly out, F7 (Flyball, 7S)
Batting: RHB Ken MacDonald 0-0: Called Strike
0-1: Ball
1-1: Swinging Strike
1-2: Ball
2-2: Fly out, F8 (Flyball, 8RM)
Batting: LHB Marvin Nichols 0-0: Ball
1-0: Ball
2-0: Called Strike
2-1: Foul Ball, location: 2F
2-2: Foul Ball, location: 2F
2-2: Foul Ball, location: 2F
2-2: Foul Ball, location: 2F
2-2: Foul Ball, location: 2F
2-2: Strikes out swinging
Top of the 3rd over - 0 runs, 0 hits, 0 errors, 0 left on base; Havana 1 - Amarillo 0
BOTTOM OF THE 3RD
Amarillo Archdukes batting - Pitching for Havana Rollers : RHP Josh Young
Batting: SHB Jeff Chambers 0-0: Ball
1-0: Foul Ball, location: 2F
1-1: Ball
2-1: Called Strike
2-2: Foul Ball, location: 2F
2-2: Fly out, F5 (Line Drive, 56)
Batting: RHB Rich Henley 0-0: Ball
1-0: Ground out 6-3 (Groundball, 6)
Batting: RHB Herb Bunch 0-0: Ball
1-0: Ball
2-0: Called Strike
2-1: Ball
3-1: Swinging Strike
3-2: Strikes out swinging
Bottom of the 3rd over - 0 runs, 0 hits, 0 errors, 0 left on base; Havana 1 - Amarillo 0
TOP OF THE 4TH
Havana Rollers batting - Pitching for Amarillo Archdukes : RHP José Abacil
Batting: LHB Mario Olivares 0-0: Called Strike
0-1: Ground out 5-3 (Groundball, 56S)
Batting: RHB Brant Sherman 0-0: Ball
1-0: Ball
2-0: Ball
3-0: Called Strike
3-1: Foul Ball, location: 2F
3-2: Foul Ball, location: 2F
3-2: Foul Ball, location: 2F
3-2: Base on Balls
Batting: RHB Bill Little 0-0: Ball
1-0: Foul Ball, location: 2F
1-1: Foul Ball, location: 2F
1-2: Fly out, F9 (Flyball, 9LS)
Batting: RHB Luis Aguilar 0-0: Ground out 1-3 (Groundball, 15S)
Top of the 4th over - 0 runs, 0 hits, 0 errors, 1 left on base; Havana 1 - Amarillo 0
BOTTOM OF THE 4TH
Amarillo Archdukes batting - Pitching for Havana Rollers : RHP Josh Young
Batting: RHB Xie-li Fong 0-0: Ball
1-0: Ball
2-0: Ball
3-0: Called Strike
3-1: Base on Balls
Batting: RHB Fernando Castellanos 0-0: Ball
Xie-li Fong is caught stealing 2nd base
1-0: Foul Ball, location: 2F
1-1: Ball
2-1: SINGLE (Line Drive, 89S)
Batting: RHB David Alonso 0-0: Ball
1-0: Ball
2-0: Ball
3-0: Called Strike
3-1: Base on Balls
Fernando Castellanos to second
Batting: LHB John Frost 0-0: Ball
1-0: Ball
2-0: Called Strike
2-1: Grounds into double play, 4-6-3 (Groundball, 4)
Bottom of the 4th over - 0 runs, 1 hit, 0 errors, 1 left on base; Havana 1 - Amarillo 0
TOP OF THE 5TH
Havana Rollers batting - Pitching for Amarillo Archdukes : RHP José Abacil
Batting: RHB Brian Jackson 0-0: Called Strike
0-1: Ground out U3 (Groundball, 3S)
Batting: RHB Chad Case 0-0: Ball
1-0: Ball
2-0: Ball
3-0: Called Strike
3-1: Foul Ball, location: 2F
3-2: Foul Ball, location: 2F
3-2: Foul Ball, location: 2F
3-2: Ground out U3 (Groundball, 34S)
Batting: RHB Mitsuharu Matsumoto 0-0: Foul Ball, location: 2F
0-1: Ball
1-1: Ball
2-1: Foul Ball, location: 2F
2-2: Strikes out swinging
Top of the 5th over - 0 runs, 0 hits, 0 errors, 0 left on base; Havana 1 - Amarillo 0
BOTTOM OF THE 5TH
Amarillo Archdukes batting - Pitching for Havana Rollers : RHP Josh Young
Batting: LHB António Chávez 0-0: Ball
1-0: Called Strike
1-1: Swinging Strike
1-2: Ball
2-2: Foul Ball, location: 2F
2-2: Foul Ball, location: 2F
2-2: Foul Ball, location: 2F
2-2: Ball
3-2: SINGLE (Groundball, 34D)
Batting: LHB José Martínez 0-0: Ball
1-0: Foul Ball, location: 2F
1-1: Ball
2-1: Foul Ball, location: 2F
2-2: Foul Ball, location: 2F
2-2: Ball
3-2: Foul Ball, location: 2F
3-2: Fly out, F8 (Flyball, 8LD)
Batting: SHB Jeff Chambers 0-0: Ball
1-0: Ball
2-0: Called Strike
2-1: Ball
3-1: Base on Balls
António Chávez to second
Batting: RHB Rich Henley 0-0: Ball
1-0: Foul Ball, location: 2F
1-1: Ball
2-1: Ball
3-1: Base on Balls
António Chávez to third
Jeff Chambers to second
Batting: RHB Herb Bunch 0-0: Foul Ball, location: 2F
0-1: Foul Ball, location: 2F
0-2: Foul Ball, location: 2F
0-2: Ball
1-2: Strikes out swinging
Batting: RHB Xie-li Fong 0-0: Ball
1-0: Ball
2-0: Called Strike
2-1: Ball
3-1: Base on Balls
António Chávez scores
Jeff Chambers to third
Rich Henley to second
Batting: RHB Fernando Castellanos 0-0: Called Strike
0-1: Ball
1-1: Ball
2-1: Ball
3-1: Base on Balls
Jeff Chambers scores
Rich Henley to third
Xie-li Fong to second
Pitching: LHP Nick Clayton
Batting: RHB David Alonso 0-0: Ball
1-0: Called Strike
1-1: Ball
2-1: Swinging Strike
2-2: Foul Ball, location: 2F
2-2: Strikes out swinging
Bottom of the 5th over - 2 runs, 1 hit, 0 errors, 3 left on base; Havana 1 - Amarillo 2
TOP OF THE 6TH
Havana Rollers batting - Pitching for Amarillo Archdukes : RHP José Abacil
Batting: RHB Ken MacDonald 0-0: Called Strike
0-1: Ball
1-1: DOUBLE (Line Drive, 78D)
Pitching: LHP Tim Miller
Batting: LHB Marvin Nichols 0-0: Ball
1-0: Foul Ball, location: 2F
1-1: Ball
2-1: 2-RUN HOME RUN (Flyball, 9LD), Distance : 336 ft
Batting: LHB Mario Olivares 0-0: Called Strike
0-1: Ball
1-1: Swinging Strike
1-2: Ball
2-2: Foul Ball, location: 2F
2-2: Foul Ball, location: 2F
2-2: Strikes out swinging
Batting: RHB Brant Sherman 0-0: Called Strike
0-1: Ball
1-1: Foul Ball, location: 2F
1-2: Ball
2-2: Foul Ball, location: 2F
2-2: Ball
3-2: Foul Ball, location: 2F
3-2: Ground out 4-3 (Groundball, 4D)
Batting: RHB Bill Little 0-0: Called Strike
0-1: Foul Ball, location: 2F
0-2: Strikes out swinging
Top of the 6th over - 2 runs, 2 hits, 0 errors, 0 left on base; Havana 3 - Amarillo 2
BOTTOM OF THE 6TH
Amarillo Archdukes batting - Pitching for Havana Rollers : LHP Nick Clayton
Batting: LHB John Frost 0-0: Ball
1-0: Called Strike
1-1: Swinging Strike
1-2: Foul Ball, location: 2F
1-2: Ball
2-2: Ball
3-2: Reached on error, E4 (Groundball, 34D)
Batting: LHB António Chávez 0-0: Ball
1-0: SINGLE (Groundball, 34D)
John Frost to second
Runner from 2nd tries for 3rd, SAFE, no throw
Batting: LHB José Martínez 0-0: SINGLE (Line Drive, 8RS)
John Frost scores
António Chávez to second
Batting: SHB Jeff Chambers 0-0: Ball
1-0: Fly out, F9 (Flyball, 9S)
Batting: RHB Rich Henley 0-0: Ground out 6-3 (Groundball, 6MD)
António Chávez to third
José Martínez to second
Batting: RHB Herb Bunch 0-0: Called Strike
0-1: Ball
1-1: Ball
2-1: Ground out 6-3 (Groundball, 56)
Bottom of the 6th over - 1 run, 2 hits, 1 error, 2 left on base; Havana 3 - Amarillo 3
TOP OF THE 7TH
Havana Rollers batting - Pitching for Amarillo Archdukes : LHP Tim Miller
Batting: RHB Luis Aguilar 0-0: Ball
1-0: Ball
2-0: Ball
3-0: Base on Balls
Batting: RHB Brian Jackson 0-0: Sac Bunt - play at first, batter OUT! 1-4
Luis Aguilar to second
Batting: RHB Chad Case 0-0: Intentional Walk
Batting: RHB Mitsuharu Matsumoto 0-0: Ball
1-0: Ball
2-0: Ball
3-0: Base on Balls
Luis Aguilar to third
Chad Case to second
Pinch Hitting: SHB Yasuhiro Ikarashi 0-0: Ball
1-0: Fly out, F7 (Line Drive, 78S)
Runner from 3rd tags up, SCORES, no throw
Pitching: LHP Rob Lucas
Pinch Hitting: RHB Paul Bailey 0-0: Ground out 5-3 (Groundball, 5S)
Top of the 7th over - 1 run, 0 hits, 0 errors, 2 left on base; Havana 4 - Amarillo 3
BOTTOM OF THE 7TH
Amarillo Archdukes batting - Pitching for Havana Rollers : LHP Nick Clayton
Now at 3B: Yasuhiro Ikarashi
Now in LF: Paul Bailey
Batting: RHB Xie-li Fong 0-0: Swinging Strike
0-1: Foul Ball, location: 2F
0-2: Strikes out swinging
Batting: RHB Fernando Castellanos 0-0: Called Strike
0-1: Fly out, F8 (Flyball, 8RD)
Batting: RHB David Alonso 0-0: Called Strike
0-1: Foul Ball, location: 2F
0-2: Ball
1-2: Ball
2-2: Ball
3-2: Base on Balls
Pinch Hitting: RHB Jon Krohne 0-0: Called Strike
0-1: Ball
1-1: Ball
2-1: Called Strike
2-2: DOUBLE (Line Drive, 8LD)
David Alonso to third
Runner from 3rd tries for Home, SAFE, no throw
Pitching: LHP Dave Miller
Pinch Hitting: RHB Nelson Castro 0-0: Ball
1-0: Called Strike
1-1: Ball
2-1: Ball
3-1: Base on Balls
Batting: LHB José Martínez 0-0: Ball
1-0: Called Strike
1-1: Swinging Strike
1-2: Strikes out looking
Bottom of the 7th over - 1 run, 1 hit, 0 errors, 2 left on base; Havana 4 - Amarillo 4
TOP OF THE 8TH
Havana Rollers batting - Pitching for Amarillo Archdukes : LHP Rob Lucas
Now in LF: Nelson Castro
Now in RF: Jon Krohne
Batting: LHB Mario Olivares 0-0: Ball
1-0: Ball
2-0: Ground out 5-3 (Groundball, 56)
Batting: RHB Brant Sherman 0-0: Called Strike
0-1: Ball
1-1: Fly out, F7 (Flyball, 7)
Batting: RHB Bill Little 0-0: Ball
1-0: Swinging Strike
1-1: Foul Ball, location: 2F
1-2: Ball
2-2: Ball
3-2: Foul Ball, location: 2F
3-2: Foul Ball, location: 2F
3-2: Strikes out looking
Top of the 8th over - 0 runs, 0 hits, 0 errors, 0 left on base; Havana 4 - Amarillo 4
BOTTOM OF THE 8TH
Amarillo Archdukes batting - Pitching for Havana Rollers : LHP Dave Miller
Pinch Hitting: RHB Eugenio Maldonado 0-0: Called Strike
0-1: Foul Ball, location: 2F
0-2: Ball
1-2: Ball
2-2: Strikes out looking
Batting: RHB Rich Henley 0-0: Fly out, F9 (Flyball, 9D)
Batting: RHB Herb Bunch 0-0: Ball
1-0: SINGLE (Line Drive, 9S)
Batting: RHB Xie-li Fong 0-0: Called Strike
0-1: Ball
Wild Pitch!
Herb Bunch to second
1-1: Ball
2-1: Ball
3-1: Base on Balls
Batting: RHB Fernando Castellanos 0-0: Called Strike
0-1: Swinging Strike
0-2: Ball
1-2: Ball
2-2: Ball
3-2: SINGLE (Groundball, 34D)
Herb Bunch to third
Xie-li Fong to second
Herb Bunch scores
Xie-li Fong to third
Batting: RHB David Alonso 0-0: Called Strike
0-1: Called Strike
0-2: Strikes out swinging
Bottom of the 8th over - 1 run, 2 hits, 0 errors, 2 left on base; Havana 4 - Amarillo 5
TOP OF THE 9TH
Havana Rollers batting - Pitching for Amarillo Archdukes : LHP Rob Lucas
Now in LF: Jorge Fernández
Batting: RHB Luis Aguilar 0-0: Ball
1-0: Swinging Strike
1-1: Ground out 6-3 (Groundball, 6)
Batting: RHB Brian Jackson 0-0: Ball
1-0: Fly out, F8 (Line Drive, 89M)
Batting: RHB Chad Case 0-0: Fly out, F8 (Flyball, 8RD)
Top of the 9th over - 0 runs, 0 hits, 0 errors, 0 left on base; Havana 4 - Amarillo 5
Saturday, April 7th, 2018 - OOTP Baseball 18.8 Build 76